 Dungeon Crawl Stone Soup version 0.26-a0-30-g56b8cd3df0 (webtiles) character file.

Game seed: 17188230062879899459, levelgen mode: deterministic

21391 sanka the Frost Mage (level 12, -23/100 HPs)
             Began as a Barachi Ice Elementalist on May 28, 2020.
             Was a High Priest of Vehumet.
             Killed from afar by an ice dragon (34 damage)
             ... with a blast of cold
             ... on level 15 of the Dungeon.
             The game lasted 00:39:40 (13845 turns).

sanka the Frost Mage (Barachi Ice Elementalist)    Turns: 13845, Time: 00:39:40

Health: -23/100    AC:  9    Str:  9    XL:     12   Next: 89%
Magic:  18/25      EV: 23    Int: 20    God:    Vehumet [*****.]
Gold:   1152       SH: 12    Dex: 14    Spells: 13/30 levels left

rFire    + . .     SeeInvis .   a - +7 Screaming Sword {vorpal, sonic wave}
rCold    . . .     Gourm    .   p - +2 buckler
rNeg     . . .     Faith    .   E - +2 robe {MR+}
rPois    +         Spirit   .   y - +1 helmet
rElec    .         Reflect  +   q - +1 cloak {rPois}
rCorr    .         Harm     .   s - +0 pair of gloves
MR       +....                  (no boots)
Stlth    ++........             z - amulet of reflection
HPRegen  0.26/turn              f - ring of protection from fire
MPRegen  0.19/turn              Q - +4 ring of evasion

@: slow
A: +LOS, swims, slowness 1, strong legs 1
a: Hop, Renounce Religion


You were on level 15 of the Dungeon.
You worshipped Vehumet.
Vehumet was extremely pleased with you.
You were not hungry.

You visited 1 branch of the dungeon, and saw 13 of its levels.
You also visited: Ossuary.

You collected 1152 gold pieces.


Innate Abilities, Weirdness & Mutations

You can be seen from farther away. (+LOS)
You can swim through water.
You cover ground slowly.
You can hop short distances.


   Skills:
 + Level 11.0 Fighting
 * Level 5.8 Long Blades
 + Level 10.5 Dodging
 - Level 1.7 Stealth
 - Level 4.0 Shields
 + Level 9.8 Spellcasting
 - Level 4.0 Summonings
 - Level 14.0 Ice Magic


You had 13 spell levels left.
You knew the following spells:

 Your Spells              Type           Power        Failure   Level  Hunger
a - Ozocubu's Armour      Chrm/Ice       #####...     1%          3    None
u - Hailstorm             Conj/Ice       #####...     1%          4    ##.....
x - Summon Ice Beast      Ice/Summ       #####...     1%          4    ##.....
y - Frozen Ramparts       Ice            ######       1%          3    None
z - Freeze                Ice            ####         0%          1    None
N - Passwall              Tmut/Erth      #.......     11%         2    None

Your spell library contained the following spells:

 Spells                   Type           Power        Failure   Level  Hunger
 Irradiate                Conj/Tmut      #.........   43%         5    #####..
 Sandblast                Erth           #.....       1%          1    None
 Stone Arrow              Conj/Erth      #.....       6%          3    None
 Lee's Rapid Deconstruct  Erth           #.........   43%         5    #####..
 Petrify                  Tmut/Erth      #.......     56%         4    ##.....

Inventory:

Hand Weapons
 a - the +7 Screaming Sword (weapon) {vorpal, sonic wave}

   It inflicts extra damage upon your enemies.
 u - a +1 long sword of electrocution
 A - a +3 quarterstaff of chaos
 K - a +0 hunting sling
 T - a +2 scimitar of flaming
Missiles
 k - 6 curare-tipped darts {=f}
 l - 405 stones (quivered)
 o - 148 sling bullets
 S - 5 throwing nets {=f}
Armour
 p - a +2 buckler (worn)
 q - a +1 cloak of poison resistance (worn)
 s - a +0 pair of gloves (worn)
 y - a +1 helmet (worn)
 E - a +2 robe of magic resistance (worn)
Jewellery
 f - a ring of protection from fire (left hand)
 z - an amulet of reflection (around neck)
 Q - a +4 ring of evasion (right hand)
Wands
 d - a wand of iceblast (14)
 n - a wand of clouds (8)
 r - a wand of flame (22)
 v - a wand of polymorph (7)
 O - a wand of enslavement (1)
Scrolls
 b - a scroll of enchant weapon {unknown}
 e - 3 scrolls of blinking
 g - 5 scrolls of remove curse
 j - 2 scrolls of magic mapping
 t - 3 scrolls of fog
 w - 6 scrolls of teleportation {@r4}
 x - 5 scrolls of immolation {!r}
 C - a scroll of silence {unknown}
 D - a scroll of fear {unknown}
 I - 4 scrolls of amnesia
 J - a scroll of noise {unknown}
 P - a scroll of torment {unknown}
Potions
 h - 3 potions of brilliance {unknown}
 i - 9 potions of curing {@q1}
 m - 2 potions of cancellation {unknown}
 B - 3 potions of heal wounds {unknown}
 F - 2 potions of stabbing {unknown}
 G - a potion of ambrosia {unknown}
 H - 4 potions of lignification {!q}
 L - a potion of mutation {unknown}
 M - a potion of resistance {unknown}
 N - 2 potions of might {unknown}
 R - 2 potions of degeneration {unknown}
Comestibles
 c - 12 rations

Dungeon Overview and Level Annotations

Branches:
Dungeon (12/15)            Temple (0/1) D:5            Lair (0/6) D:11
    Orc (0/2) D:12        Ossuary (visited)

Altars:
Vehumet
Jiyva

Shops:
D:9 *[!(:   D:12 [(

Annotations:
D:8 4 runed translucent doors

▒.▒▒ ▒..▒
▒.▒ ▒†▒▒
▒.†▒ ▒▒†▒
▒▒▒▒▒▒▒▒)▒
▒.▒.▒.▒..▒
▒.▒.▒F▒.▒
▒.▒)▒..▒
▒.▒.▒▒▒
▒.▒.▒.▒
▒.▒ ▒.▒▒
▒D▒ ▒.▒
▒.▒ ▒▒ ▒.▒
▒.▒


You could see an ice dragon (catching breath).


Message History

The wall freezes Agnes.
Agnes hits you with a +1 lajatang of pain.
* * * LOW HITPOINT WARNING * * *
You writhe in agony.
* * * LOW HITPOINT WARNING * * *
Aiming: Freeze (safe; 0% risk of failure)
Aim: Agnes, wielding a +1 lajatang of pain and wearing a +0 robe (almost dead)
You freeze Agnes!
Agnes is almost dead.
The wall freezes Agnes.
Agnes closely misses you.
You riposte.
You slash Agnes!
You kill Agnes!
Vehumet accepts your kill.
Your Fighting skill increases to level 11!
Your Long Blades skill increases to level 5!
Unknown command.
Your icy armour cracks and falls away as you move.
F - 2 black potions (gained 1)
Things that are here:
a +1 lajatang of pain a +0 robe The frozen ramparts melt away.
You start resting.
An ice dragon comes into view.
The ice dragon roars deafeningly!
The ice dragon breathes frost at you. The blast of cold hits you!!
You die...

Action                   |  1- 3 |  4- 6 |  7- 9 | 10-12 || total
-------------------------+-------+-------+-------+-------++-------
Melee: Spear             |     7 |       |       |       ||     7
       Hand axe          |       |    16 |    82 |     9 ||   107
       Double sword      |       |       |    25 |    94 ||   119
       Scimitar          |       |       |       |    97 ||    97
 Fire: Hunting sling     |    61 |    73 |    26 |       ||   160
       Longbow           |       |    16 |       |       ||    16
Throw: Stone             |       |       |     1 |     1 ||     2
 Cast: Freeze            |    26 |    25 |    82 |   102 ||   235
       Frozen Ramparts   |     1 |     4 |    16 |    43 ||    64
       Ozocubu's Armour  |       |       |    24 |    46 ||    70
       Summon Ice Beast  |       |       |     5 |     5 ||    10
       Passwall          |       |       |     2 |       ||     2
       Hailstorm         |       |       |       |     9 ||     9
 Abil: Hop               |       |     1 |       |     1 ||     2
Evoke: Wand              |       |     1 |     1 |     4 ||     6
  Use: Scroll            |       |     4 |     5 |     2 ||    11
       Potion            |       |     2 |       |       ||     2
 Stab: Sleeping          |     2 |       |     2 |     2 ||     6
  Eat: Chunk             |     3 |     8 |    14 |    15 ||    40
       Ration            |       |       |     1 |     3 ||     4
Armor: Robe              |     3 |    14 |    60 |    64 ||   141
       Skin              |       |     4 |     5 |       ||     9
Dodge: Dodged            |    11 |    23 |   119 |   310 ||   463
Block: Buckler           |       |       |       |   198 ||   198
       Reflection        |       |       |       |    23 ||    23
       Rpst.: Double sword |       |       |    12 |    53 ||    65
       Scimitar          |       |       |       |    33 ||    33

Levels and vault maps discovered:
D:1:      ncdulo_watergridlock, layout_loops_ring
D:2:      layout_loops_cross, chequers_ecumenical_altar_island,
          roderic_filled_cross, minmay_misc_feat_alley, uniq_crazy_yiuf_cottage
D:3:      layout_loops_ring
D:4:      layout_cave_pools, nicolae_overflow_crystal_walls,
          serial_column_ruins, column_ruins_columns_dead_end,
          column_ruins_corridor_T, column_ruins_grid_2, kennysheep_path_1,
          uniq_grinder, uniq_duvessa
D:5:      layout_gridville, minmay_temple_entry_statues_pillars, first_ration,
          enter_ossuary_1, uniq_prince_ribbit1, uniq_ijyb
D:6:      layout_basic, due_unseen_surprise, uniq_pikel, uniq_menkaure
D:7:      layout_basic, minivault_22
D:8:      lemuel_bear_cage, layout_loops_ring, minmay_crystal_room, uniq_harold,
          uniq_grum
D:9:      layout_roguey, serial_shops, shop_coins, shop, shop, shop,
          nicolae_shop_crystal, uniq_erica
D:10:     layout_cave_pools, uniq_joseph, uniq_maurice
D:11:     layout_loops_cross, lair_entry_dummy, special_room [special_room_orc],
          hangedman_little_slice_of_home
D:12:     layout_cave_pools, orc_david_3, special_room [special_room_orc],
          nicolae_trove_entry_crystal
D:15:     grunt_enter_depths_hoard, layout_rooms,
          nicolae_dithmenos_through_a_glass_darkly, minivault_23, uniq_agnes

Notes
Turn   | Place    | Note
-------+----------+-------------------------------------------
     0 | D:1      | sanka the Barachi Ice Elementalist began the quest for the
                  | Orb.
     0 | D:1      | Reached XP level 1. HP: 13/13 MP: 3/3
   209 | D:1      | Reached skill level 5 in Ice Magic
   230 | D:1      | Reached XP level 2. HP: 9/19 MP: 0/5
   955 | D:2      | Reached XP level 3. HP: 19/24 MP: 2/7
   972 | D:2      | Reached skill level 3 in Spellcasting
  1081 | D:2      | Learned a level 3 spell: Frozen Ramparts
  1425 | D:2      | Found a faded altar of an unknown god.
  1515 | D:2      | Reached skill level 6 in Ice Magic
  1659 | D:2      | Reached XP level 4. HP: 30/30 MP: 6/8
  1842 | D:2      | Found a runed translucent door.
  1843 | D:2      | Noticed Crazy Yiuf
  1849 | D:2      | Killed Crazy Yiuf
  2629 | D:3      | Reached skill level 7 in Ice Magic
  2629 | D:3      | Reached XP level 5. HP: 27/35 MP: 5/9
  2638 | D:3      | Learned a level 4 spell: Summon Ice Beast
  3360 | D:4      | Reached skill level 1 in Summonings
  3451 | D:4      | Noticed a phantom
  3496 | D:4      | Killed a phantom
  3496 | D:4      | Reached skill level 2 in Summonings
  3496 | D:4      | Reached XP level 6. HP: 39/41 MP: 9/11
  3611 | D:4      | Found a radiant altar of Vehumet.
  3675 | D:4      | Noticed Grinder
  3678 | D:4      | Paralysed by Grinder for 4 turns
  3945 | D:4      | Paralysed by Grinder for 2 turns
  3958 | D:3      | Reached skill level 3 in Summonings
  4030 | D:4      | Paralysed by Grinder for 3 turns
  4039 | D:4      | Paralysed by Grinder for 4 turns
  4044 | D:4      | Killed Grinder
  4044 | D:4      | Reached skill level 4 in Spellcasting
  4044 | D:4      | Reached skill level 4 in Summonings
  4044 | D:4      | Reached skill level 8 in Ice Magic
  4044 | D:4      | Reached XP level 7. HP: 32/46 MP: 11/13
  4298 | D:4      | Became a worshipper of Vehumet
  4442 | D:4      | Noticed Duvessa
  4450 | D:4      | Noticed Dowan
  4455 | D:4      | Killed Duvessa
  4455 | D:4      | Reached skill level 5 in Spellcasting
  4464 | D:4      | Killed Dowan
  4464 | D:4      | Reached skill level 9 in Ice Magic
  4464 | D:4      | Reached XP level 8. HP: 41/52 MP: 0/15
  4947 | D:5      | Entered Level 5 of the Dungeon
  4971 | D:5      | Learned a level 3 spell: Ozocubu's Armour
  4976 | D:5      | Learned a level 4 spell: Hailstorm
  5130 | D:5      | Noticed Prince Ribbit
  5142 | D:5      | Killed Prince Ribbit
  5142 | D:5      | Reached skill level 6 in Spellcasting
  5142 | D:5      | Reached skill level 10 in Ice Magic
  5195 | D:5      | Found a staircase to the Ecumenical Temple.
  5258 | D:5      | Found a sand-covered staircase.
  5265 | Ossuary  | Entered an ossuary
  5279 | Ossuary  | Reached * piety under Vehumet
  5279 | Ossuary  | Offered knowledge of Foxfire by Vehumet.
  5887 | D:5      | Noticed Ijyb
  5894 | D:5      | Killed Ijyb
  5920 | D:5      | Reached skill level 11 in Ice Magic
  6324 | D:5      | Reached ** piety under Vehumet
  6324 | D:5      | Offered knowledge of Magic Dart by Vehumet.
  6324 | D:5      | Reached XP level 9. HP: 52/57 MP: 13/18
  6548 | D:6      | Noticed Menkaure
  6553 | D:6      | Killed Menkaure
  6722 | D:6      | Found the +7 Singing Sword {vorpal, sonic wave}
  6840 | D:6      | Reached skill level 12 in Ice Magic
  6876 | D:6      | Learned a level 2 spell: Passwall
  7163 | D:6      | Noticed Pikel
  7169 | D:6      | Killed Pikel
  7329 | D:6      | Reached skill level 7 in Spellcasting
  7683 | D:7      | Reached skill level 1 in Fighting
  7884 | D:7      | Reached skill level 1 in Shields
  7985 | D:7      | Reached skill level 3 in Dodging
  7989 | D:7      | Reached skill level 2 in Fighting
  8434 | D:8      | Reached skill level 3 in Fighting
  8434 | D:8      | Reached XP level 10. HP: 70/70 MP: 16/21
  8465 | D:8      | Noticed Grum
  8471 | D:8      | Reached skill level 2 in Shields
  8471 | D:8      | Killed Grum
  8471 | D:8      | Reached skill level 4 in Dodging
  8666 | D:8      | Offered knowledge of Conjure Flame by Vehumet.
  8697 | D:8      | Reached skill level 4 in Fighting
  9110 | D:8      | Noticed Harold
  9121 | D:8      | Killed Harold
  9121 | D:8      | Reached skill level 5 in Fighting
  9121 | D:8      | Reached skill level 5 in Dodging
  9121 | D:8      | Reached skill level 3 in Shields
  9121 | D:8      | Reached skill level 13 in Ice Magic
  9268 | D:8      | Found a huge runed translucent gate.
  9268 | D:8      | Found a huge runed translucent gate.
  9268 | D:8      | Found a huge runed translucent gate.
  9268 | D:8      | Found a huge runed translucent gate.
  9268 | D:8      | Noticed a manticore
  9599 | D:9      | Found Yfeym's Distillery.
  9628 | D:9      | Found Enadiurhea's Antique Armour Shoppe.
  9634 | D:9      | Found Syadatur's Assorted Antiques.
  9665 | D:9      | Found Huine's Weapon Shoppe.
  9750 | D:9      | Got a translucent quarterstaff
  9751 | D:9      | Identified the +5 quarterstaff of Kecuc {holy, +Fly} (You
                  | found it on level 9 of the Dungeon)
  9773 | D:9      | Found Amicait's Book Boutique.
  9849 | D:9      | Reached skill level 8 in Spellcasting
  9902 | D:9      | Reached *** piety under Vehumet
  9986 | D:9      | Reached skill level 6 in Dodging
  9988 | D:9      | Reached skill level 6 in Fighting
 10165 | D:9      | Reached skill level 4 in Shields
 10229 | D:9      | Noticed Erica
 10238 | D:9      | Killed Erica
 10238 | D:9      | Reached skill level 7 in Fighting
 10238 | D:9      | Reached skill level 7 in Dodging
 10238 | D:9      | Reached XP level 11. HP: 64/84 MP: 17/23
 10327 | D:9      | Noticed a two-headed ogre
 10339 | D:9      | Killed a two-headed ogre
 10339 | D:9      | Offered knowledge of Mephitic Cloud by Vehumet.
 10534 | D:10     | Entered Level 10 of the Dungeon
 10534 | D:10     | Noticed Joseph
 10829 | D:10     | Reached skill level 8 in Fighting
 10830 | D:10     | Reached **** piety under Vehumet
 10882 | D:10     | Offered knowledge of Iskenderun's Mystic Blast by Vehumet.
 10891 | D:10     | Reached skill level 8 in Dodging
 10891 | D:10     | Killed Joseph
 10965 | D:10     | Noticed Maurice
 10981 | D:10     | Killed Maurice
 11480 | D:11     | Noticed a cyclops
 11489 | D:11     | Killed a cyclops
 11716 | D:11     | Reached skill level 9 in Fighting
 12041 | D:11     | Found a staircase to the Lair.
 12106 | D:11     | Reached skill level 9 in Dodging
 12209 | D:11     | Noticed a seven-headed hydra
 12245 | D:11     | Killed a five-headed hydra
 12245 | D:11     | Reached XP level 12. HP: 48/96 MP: 20/24
 12513 | D:11     | Reached skill level 14 in Ice Magic
 12526 | D:11     | Reached ***** piety under Vehumet
 12537 | D:11     | Offered knowledge of Irradiate by Vehumet.
 12541 | D:11     | Reached skill level 9 in Spellcasting
 12563 | D:11     | Reached skill level 10 in Fighting
 13282 | D:11     | Found a viscous altar of Jiyva.
 13385 | D:12     | Found a staircase to the Orcish Mines.
 13385 | D:12     | Found Elas's Armour Emporium.
 13385 | D:12     | Found Saukiunt's Weapon Emporium.
 13400 | D:12     | Reached skill level 1 in Long Blades
 13438 | D:12     | Reached skill level 2 in Long Blades
 13438 | D:12     | Reached skill level 10 in Dodging
 13732 | D:15     | Entered Level 15 of the Dungeon
 13740 | D:15     | Reached skill level 3 in Long Blades
 13742 | D:15     | Reached skill level 4 in Long Blades
 13807 | D:15     | Noticed Agnes
 13821 | D:15     | HP: 8/99 [Agnes/+1 lajatang of pain (2)]
 13822 | D:15     | Killed Agnes
 13822 | D:15     | Reached skill level 11 in Fighting
 13822 | D:15     | Reached skill level 5 in Long Blades
 13844 | D:15     | Noticed an ice dragon
 13845 | D:15     | Killed from afar by an ice dragon

Vanquished Creatures
  Agnes (D:15)
  A hydra (D:11)
  Harold (D:8)
  Erica (D:9)
  A two-headed ogre (D:9)
  Pikel (D:6)
  A wolf spider zombie (D:15)
  6 ugly things (D:15)
  A deep elf mage (D:15)
  A cyclops (D:11)
  Joseph (D:10)
  Maurice (D:10)
  2 gargoyles
  3 trolls
  A hornet (D:11)
  A slime creature (D:11)
  Grinder (D:4)
  Prince Ribbit (D:5)
  A spriggan (shapeshifter) (D:11)
  4 hippogriffs
  A wyvern (D:10)
  A wraith (D:11)
  4 yaks (D:10)
  Grum (D:8)
  3 hungry ghosts
  Menkaure (D:6)
  2 water moccasins
  Duvessa (D:4)
  12 orc warriors
  3 ice beasts
  A black bear (D:11)
  3 phantoms
  A sky beast (D:7)
  A necrophage (D:11)
  8 ogres
  6 centaurs
  2 wolves (D:8)
  3 big kobolds
  A gnoll sergeant (D:11)
  Dowan (D:4)
  7 bullfrogs
  A water moccasin zombie (D:8)
  16 killer bees
  9 scorpions
  3 howler monkeys
  8 crimson imps
  2 bullfrog zombies
  4 centaur zombies
  4 orc priests
  5 hounds
  5 jellies
  Crazy Yiuf (D:2)
  3 centaur skeletons
  Ijyb (D:5)
  2 iguanas
  A bullfrog skeleton (D:5)
  7 orc wizards
  5 worker ants
  A big kobold zombie (Ossuary)
  A hound zombie (D:10)
  6 mummies (Ossuary)
  2 worker ant zombies
  10 adders
  4 gnolls (D:11)
  A howler monkey skeleton (D:7)
  4 shadow imps
  5 oozes (D:11)
  An adder zombie (D:6)
  A worm (D:2)
  6 dart slugs
  4 leopard geckos
  53 orcs
  6 bats
  7 giant cockroaches
  A gnoll zombie (Ossuary)
  9 hobgoblins
  7 jackals
  4 quokkas
  4 frilled lizards
  10 goblins
  A hobgoblin zombie (Ossuary)
  A jackal skeleton (D:5)
  A jackal zombie (D:7)
  25 kobolds
  3 kobold zombies (Ossuary)
  A leopard gecko zombie (D:7)
  2 orc zombies (Ossuary)
  A quokka skeleton (D:4)
  A quokka zombie (D:6)
  9 rats
363 creatures vanquished.

Vanquished Creatures (collateral kills)
  A bullfrog skeleton (D:10)
  2 mummies (Ossuary)
3 creatures vanquished.

Vanquished Creatures (others)
  A kobold (D:10)
1 creature vanquished.

Grand Total: 367 creatures vanquished
